 Dungeon Crawl Stone Soup version 0.31-a0-167-g1c394c0614 (webtiles) character file.

Game seed: 11711235529430526400

42 Anon1729 the Trooper (level 3, 0/33 HPs)
             Began as a Minotaur Monk on June 14, 2023.
             Slain by Sigmund
             ... wielding a +1 vampiric scythe
              (7 damage)
             ... on level 2 of the Dungeon.
             The game lasted 00:00:31 (520 turns).

Anon1729 the Trooper (Minotaur Monk)                 Turns: 520, Time: 00:00:31

Health: 0/33       AC:  2    Str: 15    XL:     3   Next: 33%
Magic:  2/2        EV: 13    Int:  7    God:
Gold:   24         SH:  0    Dex: 14    Spells: 2/2 levels left

rFire   . . .        a - +0 short sword
rCold   . . .        d - orb {light}
rNeg    + . .        b - +0 robe
rPois   .            (helmet restricted)
rElec   .            (no cloak)
rCorr   .            (no gloves)
SInv    .            (no boots)
Will    .....        (no amulet)
Stlth   +            g - ring of positive energy
HPRegen 0.25/turn    (no ring)
MPRegen 0.08/turn

%: no passive effects
@: glowing
A: horns 2, retaliatory headbutt
a: no special abilities


You were on level 2 of the Dungeon.
You visited 1 branch of the dungeon, and saw 2 of its levels.

You collected 24 gold pieces.

Inventory:

Hand Weapons
 a - a +0 short sword (weapon)
Armour
 b - a +0 robe (worn)
 d - an orb of light (worn)
Jewellery
 g - a ring of positive energy (left hand)
Scrolls
 f - a scroll of teleportation {unknown}
 h - a scroll of torment {unknown}
Potions
 c - a potion of ambrosia
 e - a potion of heal wounds {unknown}


   Skills:
 + Level 4.0 Fighting
 + Level 3.6 Short Blades
 + Level 1.3 Armour
 + Level 3.6 Dodging
 + Level 1.1 Invocations


You had 2 spell levels left.
You didn't know any spells.
Your spell library was empty.

Dungeon Overview and Level Annotations

Branches:
Dungeon (2/15)

Altars:

Annotations:
D:2 Sigmund


Innate Abilities, Weirdness & Mutations

You have a pair of horns on your head.
You reflexively headbutt those who attack you in melee.


Message History

h - a scroll labelled USTRUI BEQUNESU You see here a +0 robe.
Sigmund the Dreaded comes into view.
He is wielding a +1 vampiric scythe.
Found a scroll labelled GUCSOUCEICH.
Sigmund gestures at you while chanting. The magic dart hits you!
Sigmund is nearby!
Sigmund points at you and mumbles some strange words.
You resist with significant effort.
Sigmund hits you with a +1 vampiric scythe!
You hit Sigmund but do no damage.
Sigmund hits you with a +1 vampiric scythe!
* * * LOW HITPOINT WARNING * * *
You are too injured to fight recklessly!
You are too injured to fight recklessly!
You are too injured to fight recklessly!
You are too injured to fight recklessly!
You are too injured to fight recklessly!
You are too injured to fight recklessly!
You are too injured to fight recklessly!
You are too injured to fight recklessly!
You are too injured to fight recklessly!
You are too injured to fight recklessly!
You are too injured to fight recklessly!
You are too injured to fight recklessly!
You are too injured to fight recklessly!
You are too injured to fight recklessly!
You barely miss Sigmund. You hit Sigmund.
You headbutt Sigmund, but do no damage.
Sigmund is lightly wounded.
Sigmund closely misses you. You furiously retaliate!
You headbutt Sigmund! You closely miss Sigmund.
Sigmund is heavily wounded.
You hit Sigmund. Your headbutt misses Sigmund.
Sigmund is severely wounded.
Sigmund misses you.
You hit Sigmund.
Sigmund is severely wounded.
Sigmund hits you with a +1 vampiric scythe!
You die...

######.#......#. ?#
.....#.#......#.#.#
#........†.....#.#
##.#.#.#..†####...#
..........##..##..#
.#........#.......#
...#.#....#..##...######
.#.#.####.##[.##........
.. #.####..##..#@.######
#........(..#@.....#
######.##..##.####.#
....####..# ####. .## ..
#. ## #. ..


You could see Sigmund.

Vanquished Creatures
  2 adders (D:2)
  A dart slug (D:1)
  4 ball pythons
  A bat (D:1)
  An endoplasm (D:1)
  2 giant cockroaches (D:1)
  A goblin (D:1)
  2 hobgoblins
  A quokka (D:2)
  A frilled lizard (D:1)
  2 kobolds (D:1)
  2 rats (D:1)
20 creatures vanquished.

Notes
Turn   | Place    | Note
-------+----------+-------------------------------------------
     0 | D:1      | Anon1729 the Minotaur Monk began the quest for the Orb.
     0 | D:1      | Reached XP level 1. HP: 19/19 MP: 0/0
   109 | D:1      | Reached XP level 2. HP: 27/27 MP: 1/1
   399 | D:1      | Reached skill level 1 in Armour
   440 | D:2      | Reached skill level 4 in Fighting
   440 | D:2      | Reached skill level 1 in Invocations
   440 | D:2      | Reached XP level 3. HP: 24/33 MP: 2/2
   511 | D:2      | Noticed Sigmund
   520 | D:2      | Slain by Sigmund

Illustrated notes

Levels and vault maps discovered:
D:1:      minmay_arrival_five_plusses, layout_loops_ring
D:2:      layout_basic, basic_ecumenical_altar, st_stairs_2,
          minmay_close_crescents, uniq_sigmund

Skill      XL: |  1  2 |
---------------+-------+-----
Armour         | 1 |  1.3
Fighting       | 4 |  4.0
Invocations    | 1 |  1.1
Short Blades   | |  3.6
Dodging        | |  3.6

Action                     || total
---------------------------++-------
  Melee: Short sword       ||    57
         Headbutt          ||    10
 Armour: Robe              ||     8
  Dodge: Dodged            ||    27

Table legend: (Time is in decaauts)
 A = Elapsed time spent in this place.
 B = Non-inter-level travel time spent in this place.
 C = Inter-level travel time spent in this place.
 D = Time resting spent in this place.
 E = Time spent auto-exploring this place.
 F = Levels seen in this place.
 G = Mean time per level.
                   A        B        C        D        E       F      G
               +--------+--------+--------+--------+--------+-----+--------+
         Total |    509 |    501 |      8 |      0 |    397 |   2 |  254.5 |
       Dungeon |    509 |    501 |      8 |      0 |    397 |   2 |  254.5 |
               +--------+--------+--------+--------+--------+-----+--------+

Top non-repeatable levels by time:
     D:1: 402 daAuts
     D:2: 107 daAuts
